 Dungeon Crawl Stone Soup version 0.28.0-45-g0d030f2227 (webtiles) character file.

Game seed: 16272785014718804393

184 Icepheonix32 the Shield-Bearer (level 5, 0/41 HPs)
             Began as a Demonspawn Fighter on Apr 10, 2022.
             Slain by a gnoll
             ... wielding a +0 whip
              (3 damage)
             ... on level 4 of the Dungeon.
             The game lasted 00:04:46 (3032 turns).

Icepheonix32 the Shield-Bearer (Demonspawn Fighter) Turns: 3032, Time: 00:04:47

Health: 0/41       AC:  8    Str: 18 (19) XL:     5   Next: 36%
Magic:  5/5        EV:  9    Int:  7 (9)  God:
Gold:   180        SH:  8    Dex: 10 (12) Spells: 4/4 levels left

rFire   . . .      SeeInvis .   a - +0 long sword
rCold   . . .      Faith    .   c - +0 buckler
rNeg    . . .      Spirit   .   b - +0 scale mail
rPois   .          Reflect  .   (helmet restricted)
rElec   .          Harm     .   (no cloak)
rCorr   .          Rampage  .   (no gloves)
Will    .....                   g - +0 pair of boots
Stlth   ..........              (no amulet)
HPRegen 0.13/turn               (no ring)
MPRegen 0.09/turn               (no ring)

@: mighty
A: antennae 1, large bone plates 1, foul stench 1
a: no special abilities


You were on level 4 of the Dungeon.
You visited 1 branch of the dungeon, and saw 4 of its levels.

You collected 180 gold pieces.

Inventory:

Hand Weapons
 a - a +0 long sword (weapon)
Missiles
 e - 5 poisoned darts (quivered)
Armour
 b - a +0 scale mail (worn)
 c - a +0 buckler (worn)
 g - a +0 pair of boots (worn)
Scrolls
 f - a scroll of identify {unknown}
 h - a scroll of enchant armour {unknown}
 i - a scroll of vulnerability
 j - a scroll of immolation {unknown}
 l - a scroll of noise {unknown}
 m - a scroll of amnesia {unknown}
 n - a scroll of teleportation {unknown}
 o - a scroll of magic mapping {unknown}
 q - a scroll of summoning {unknown}


   Skills:
 - Level 3.6 Fighting
 - Level 2.1 Long Blades
 - Level 3.6 Armour
 - Level 1.0 Dodging
 - Level 0.4 Stealth
 + Level 4.1 Shields


You had 4 spell levels left.
You didn't know any spells.
Your spell library contained the following spells:

 Spells                   Type           Power      Damage    Failure   Level
 Tukima's Dance           Hex            0%         N/A       99%         3
 Passage of Golubria      Tloc           0%         N/A       100%        4
 Blade Hands              Tmut           0%         N/A       100%        5
 Irradiate                Conj/Tmut      0%         3d13      100%        5
 Silence                  Hex/Air        0%         N/A       100%        5
 Yara's Violent Unravell  Hex/Tmut       0%         3d3       100%        5
 Dragon Form              Tmut           0%         N/A       100%        7
 Lehudib's Crystal Spear  Conj/Erth      0%         10d2      100%        8


Dungeon Overview and Level Annotations

Branches:
Dungeon (4/15)
 Temple: D:4-7

Altars:
Gozag

Shops:
D:1 [   D:2 [


Innate Abilities, Weirdness & Mutations

You have a pair of small antennae on your head.
You are partially covered in large bone plates. (SH +4)
You may rarely emit foul miasma when damaged in melee.


Message History

You are too injured to fight recklessly!
You are too injured to fight recklessly!
You are too injured to fight recklessly!
You are too injured to fight recklessly!
You are too injured to fight recklessly!
You are too injured to fight recklessly!
You are too injured to fight recklessly!
You are too injured to fight recklessly!
You are too injured to fight recklessly!
You are too injured to fight recklessly!
You are too injured to fight recklessly!
You are too injured to fight recklessly!
You are too injured to fight recklessly!
You are too injured to fight recklessly!
Unknown command.
You feel very mighty all of a sudden. The gnoll hits you with a +0 spear.
The gnoll hits you with a +0 whip!
* * * LOW HITPOINT WARNING * * *
You slice the gnoll!!
You kill the gnoll!
A ball python comes into view.
You block the gnoll's attack.
You closely miss the gnoll.
The ball python hisses angrily.
The gnoll hits you with a +0 club.
* * * LOW HITPOINT WARNING * * *
You block the gnoll's attack.
Unknown command.
You closely miss the gnoll. The gnoll barely misses you.
You block the gnoll's attack. The gnoll hits you with a +0 club.
* * * LOW HITPOINT WARNING * * *
The gnoll hits you with a +0 whip.
* * * LOW HITPOINT WARNING * * *
Unknown command.
You aren't carrying any potions.
Unknown command.
You slice the gnoll!!
You kill the gnoll!
The gnoll hits you with a +0 whip.
You die...

#.# ..# #.# #.#
### #.### ... #...
..#
#.#####.#####...##
#........gg@S....#
####.#.######....#
# #.# .#.# #.# ###
# #.# #.. #.# #.#
#.# #.# #.# #.#
#.###.#####.#


You could see 2 gnolls and a ball python.

Vanquished Creatures
  2 hounds
  An iguana (D:4)
  2 adders
  3 gnolls (D:4)
  A worm (D:2)
  3 dart slugs
  4 orcs
  5 bats
  5 endoplasms
  A giant cockroach (D:4)
  7 goblins
  7 hobgoblins
  4 kobolds
  A quokka (D:3)
  3 ball pythons
  2 frilled lizards (D:1)
  2 rats
53 creatures vanquished.

Notes
Turn   | Place    | Note
-------+----------+-------------------------------------------
     0 | D:1      | Icepheonix32 the Demonspawn Fighter began the quest for the
                  | Orb.
     0 | D:1      | Reached XP level 1. HP: 18/18 MP: 1/1
   221 | D:1      | Found Vaus's Antique Armour Boutique.
   381 | D:1      | Gained mutation: You are partially covered in large bone
                  | plates. (SH +4) [demonic ancestry]
   381 | D:1      | Reached XP level 2. HP: 24/24 MP: 2/2
   674 | D:1      | Reached skill level 3 in Shields
  1414 | D:2      | Gained mutation: You may rarely emit foul miasma when
                  | damaged in melee. [demonic ancestry]
  1414 | D:2      | Reached XP level 3. HP: 29/29 MP: 3/3
  1640 | D:2      | Found Dycw's Armour Boutique.
  1985 | D:3      | Gained mutation: You have a pair of small antennae on your
                  | head. [demonic ancestry]
  1985 | D:3      | Reached XP level 4. HP: 25/35 MP: 4/4
  2108 | D:3      | Found an opulent altar of Gozag.
  2165 | D:3      | Found a faded altar of an unknown god.
  2772 | D:4      | Reached skill level 1 in Dodging
  2938 | D:4      | Reached XP level 5. HP: 41/41 MP: 5/5
  3021 | D:4      | Reached skill level 4 in Shields
  3032 | D:4      | Slain by a gnoll

Illustrated notes

Levels and vault maps discovered:
D:1:      ncdulo_smallfort, layout_basic, serial_shops, nicolae_shop_stone,
          wander_ebering_terrifying_dragon_lair
D:2:      layout_loops_cross, serial_shops, nicolae_shop_stone
D:3:      layout_basic, mainiacjoe_overflow_cross_hatched,
          hellmonk_ecumenical_altar_leap_of_faith
D:4:      layout_loops_ring, lightli_temple_of_fire, st_stairs_11

Skill      XL: |  1  2  3  4  5 |
---------------+----------------+-----
Shields        | 3 4 |  4.1
Long Blades    | 2 |  2.1
Armour         | 3 |  3.6
Dodging        | 1 |  1.0
Fighting       | |  3.6
Stealth        | |  0.4

Action                   |  1- 3 |  4- 6 || total
-------------------------+-------+-------++-------
Melee: Long sword        |    91 |    67 ||   158
  Use: Potion            |       |     5 ||     5
       Scroll            |       |     1 ||     1
Armor: Scale mail        |    37 |    15 ||    52
Dodge: Dodged            |    52 |    29 ||    81
Block: Buckler           |    40 |    20 ||    60
